 Dungeon Crawl Stone Soup version 0.31-a0-1338-gb567cfdca4 (webtiles) character file.

Game seed: 12812179111612373539

1661 LeprechaunX the Changeling (level 9, -1/60 HPs)
             Began as an Octopode Shapeshifter on Dec 21, 2023.
             Was an Initiate of Ashenzari.
             Slain by a hellwing (11 damage)
             ... summoned by an orc sorcerer
             ... in a bailey.
             The game lasted 00:08:39 (6451 turns).

LeprechaunX the Changeling (Octopode Shapeshifter)  Turns: 6451, Time: 00:08:40

Health: -1/60      AC:  1    Str: 16    XL:     9   Next: 0%
Magic:  14/14      EV: 13    Int: 12    God:    Ashenzari [......]
Gold:   288        SH:  0    Dex: 13    Spells: 15/15 levels left

rFire   . . .        a - +4 sling
rCold   . . .        (no shield)
rNeg    . . .        (helmet currently unavailable)
rPois   +            s - amulet of regeneration
rElec   .            q - ring of poison resistance
rCorr   .            (no ring)
SInv    .            (no ring)
Will    .....        (no ring)
Stlth   +++          (no ring)
HPRegen 1.10/turn    (no ring)
MPRegen 0.14/turn    (no ring)
                     (no ring)

%: no passive effects
@: beast-form
A: beast (slay +3), almost no armour, amphibious, 8 rings, camouflage 1,
gelatinous body 1, nimble swimmer 1, tentacles
a: Begin Untransformation, Renounce Religion


You were in a bailey.
You worshipped Ashenzari.
Ashenzari was noncommittal.
You were a hulking beast.
You visited 2 branches of the dungeon, and saw 8 of its levels.
You also visited: Bailey.

You collected 288 gold pieces.

Inventory:

Hand Weapons
 a - a +4 sling (weapon)
Missiles
 v - 9 boomerangs
Jewellery
 q - a ring of poison resistance (left tentacle)
 s - an amulet of regeneration (around mantle)
Talismans
 b - a beast talisman
 c - a flux talisman
 h - a blade talisman
Wands
 u - a wand of iceblast (2)
Scrolls
 f - a scroll of amnesia {unknown}
 i - 5 scrolls of identify {unknown}
 j - 2 scrolls of teleportation {unknown}
 l - 3 scrolls of fog {unknown}
 m - 3 scrolls of torment {unknown}
 n - a scroll of silence {unknown}
 p - 3 scrolls of enchant weapon {unknown}
 w - 2 scrolls of fear {unknown}
 y - a scroll of poison {unknown}
 z - 3 scrolls of immolation {unknown}
 A - a scroll of butterflies {unknown}
Potions
 e - 7 potions of curing {unknown}
 g - 5 potions of cancellation {unknown}
 k - a potion of mutation {unknown}
 o - 3 potions of lignification
 r - a potion of resistance {unknown}
 t - 3 potions of haste {unknown}
 x - a potion of berserk rage {unknown}


   Skills:
 + Level 4.8 Fighting
 - Level 2.0 Dodging
 + Level 5.5 Unarmed Combat
 + Level 3.8 Spellcasting
 + Level 3.5 Evocations
 * Level 6.8 Shapeshifting


You had 15 spell levels left.
You didn't know any spells.
Your spell library contained the following spells:

 Spells                   Type           Power      Damage    Failure   Level
 Necrotise                Necr           8%         1d4       22%         1
 Ensorcelled Hibernation  Hex/Ice        4%         N/A       34%         2
 Passwall                 Alch/Erth      1%         N/A       34%         2
 Call Canine Familiar     Summ           2%         N/A       56%         3
 Sigil of Binding         Hex            2%         N/A       56%         3
 Swiftness                Air            2%         N/A       56%         3
 Vampiric Draining        Necr           2%         2d6       56%         3
 Dimensional Bullseye     Hex/Tloc       1%         N/A       92%         4
 Agony                    Necr           2%         N/A       99%         5


Dungeon Overview and Level Annotations

Branches:
Dungeon (7/15)             Temple (1/1) D:7          Bailey (1/1)

Altars:
Ashenzari
Cheibriados
Dithmenos
Elyvilon
Fedhas
Gozag
Hepliaklqana
Kikubaaqudgha
Makhleb
Okawaru
Qazlal
Sif Muna
Vehumet
Wu Jian
Yredelemnul
The Shining One

Shops:
D:6 =


Innate Abilities, Weirdness & Mutations

You are a hulking beast.
Your limbs bulge with bestial killing power. (Slay +3)
You cannot wear most types of armour.
You are amphibious.
You can wear up to eight rings at the same time.
Your skin changes colour to match your surroundings (Stealth+).
Your rubbery body absorbs attacks. (AC +1, EV +1)
You are camouflaged when in or above water. (Stealth+)
You have tentacles for arms and can constrict up to eight enemies at once.


Message History

You shoot a sling bullet. The sling bullet hits the orc sorcerer.
The orc sorcerer is heavily wounded.
The orc sorcerer no longer looks unusually strong.
The orc knight roars a battlecry!
The orc sorcerer goes into a battle-frenzy!
The goblin shouts!
You shoot a sling bullet.
The sling bullet closely misses the orc sorcerer.
The orc sorcerer shouts, "You can't withstand my power!"
The orc sorcerer casts a spell.
You shoot a sling bullet.
The sling bullet closely misses the hellwing.
The sling bullet barely misses the orc knight.
The orc knight no longer looks unusually strong.
The orc knight roars a battlecry!
The orc knight goes into a battle-frenzy!
The orc knight roars a battlecry!
The orc knight goes into a battle-frenzy!
The hellwing swoops through the air toward you!
The hellwing completely misses you. The hellwing hits you!
The hellwing misses you. The hellwing barely misses you.
The hellwing completely misses you. The hellwing closely misses you.
The orc sorcerer becomes larger for a moment.
The hellwing attacks as it pursues you! The hellwing misses you.
The hellwing hits you. The hellwing attacks as it pursues you!
The hellwing hits you! The hellwing hits you.
The hellwing attacks as it pursues you! The hellwing hits you!
The hellwing hits you. The hellwing attacks as it pursues you!
The hellwing closely misses you. The hellwing hits you.
The orc knight roars a battlecry!
The hellwing swoops through the air toward you!
The hellwing barely misses you. The hellwing hits you.
You shoot a sling bullet.
The sling bullet hits the hellwing but does no damage.
The hellwing hits you!
* * * LOW HITPOINT WARNING * * *
The hellwing barely misses you. The hellwing hits you!
You die...

#'#≈≈≈≈≈≈≈≈# ...#≈≈≈≈≈≈≈≈#
... #≈≈≈≈≈≈≈≈#
#####+++#####.. #≈≈≈≈≈≈≈≈#
#...........# #≈≈≈≈≈≈≈≈#
##~~~~...~g~~######≈≈≈≈≈≈≈≈#
≈≈≈≈≈≈...≈≈≈≈≈≈≈≈≈≈≈≈≈≈≈≈≈≈#
≈≈≈≈≈≈...≈≈≈≈≈≈≈≈≈≈≈≈≈≈≈≈≈≈#
≈≈≈≈≈≈...≈≈≈≈≈≈≈h≈≈≈≈≈≈≈≈≈≈#
≈≈≈≈≈≈...≈≈≈≈≈≈4≈≈≈≈≈≈≈≈≈≈≈#
≈≈≈.........≈≈≈≈†≈≈≈≈≈≈≈≈≈≈#
####.......#################
#.......# #.......#
#...∩...# #.......#
###...###


You could see a hellwing (summoned) and a gnoll.

Vanquished Creatures
  A steam dragon (D:6)
  A water moccasin (D:6)
  2 sky beasts
  2 ice beasts
  An ogre (D:6)
  A centaur (D:7)
  A phantom (D:5)
  2 scorpions (D:4)
  A howler monkey (D:2)
  4 electric eels (Bailey)
  2 hounds
  3 jellies
  2 orc priests
  2 iguanas
  2 orc wizards (D:4)
  9 adders
  A bombardier beetle (D:6)
  A worm (D:3)
  3 dart slugs
  24 orcs
  6 endoplasms
  2 giant cockroaches
  14 goblins
  A hobgoblin (D:4)
  6 quokkas
  3 ball pythons
  6 bats
  3 frilled lizards
  6 kobolds
112 creatures vanquished.

Notes
Turn   | Place    | Note
-------+----------+-------------------------------------------
     0 | D:1      | LeprechaunX the Octopode Shapeshifter began the quest for
                  | the Orb.
     0 | D:1      | Reached XP level 1. HP: 13/13 MP: 1/1
   202 | D:1      | Reached XP level 2. HP: 18/18 MP: 2/2
   945 | D:2      | Reached XP level 3. HP: 11/23 MP: 3/3
  1045 | D:2      | You fall into a shaft and drop 1 floor!
  1253 | D:2      | Reached skill level 1 in Spellcasting
  1253 | D:2      | Reached XP level 4. HP: 17/29 MP: 3/5
  1262 | D:2      | Reached skill level 4 in Shapeshifting
  2140 | D:3      | Found a snail-covered altar of Cheibriados.
  2309 | D:3      | Reached XP level 5. HP: 28/35 MP: 5/7
  2972 | D:4      | Reached XP level 6. HP: 38/41 MP: 8/8
  3293 | D:4      | HP: 2/42 [orc/+0 dagger of protection (1)]
  3603 | D:4      | Reached skill level 5 in Shapeshifting
  3729 | D:5      | Entered Level 5 of the Dungeon
  3778 | D:5      | Reached XP level 7. HP: 42/46 MP: 10/10
  3945 | D:5      | Reached skill level 1 in Evocations
  4407 | D:5      | Found a shadowy altar of Dithmenos.
  4644 | D:5      | Found an ornate altar of the Wu Jian Council.
  4714 | D:6      | Reached XP level 8. HP: 19/54 MP: 12/12
  4865 | D:6      | Found a radiant altar of Vehumet.
  4999 | D:6      | Reached skill level 5 in Unarmed Combat
  4999 | D:6      | Reached skill level 6 in Shapeshifting
  5469 | D:6      | Found Juurit's Jewellery Emporium.
  6018 | D:7      | Found a staircase to the Ecumenical Temple.
  6030 | Temple   | Entered the Ecumenical Temple
  6039 | Temple   | Became a worshipper of Ashenzari the Shackled
  6161 | D:7      | Found a flagged portal.
  6183 | Bailey   | Entered a bailey
  6310 | Bailey   | Noticed an orc sorcerer
  6388 | Bailey   | Reached XP level 9. HP: 32/60 MP: 14/14
  6417 | Bailey   | Noticed an orc knight
  6420 | Bailey   | Noticed an orc knight
  6435 | Bailey   | Noticed a hellwing
  6451 | Bailey   | Slain by a hellwing

Illustrated notes

Levels and vault maps discovered:
D:1:      mrwooster_arrival_arrow, layout_basic
D:2:      layout_rooms
D:3:      layout_loops_corners, mainiacjoe_overflow_boulevard
D:4:      nicolae_BIG_FREAKIN_CUBE, layout_basic
D:5:      layout_loops_cross, mainiacjoe_overflow_catwalk,
          nzn_wu_jian_council_hall, minmay_misc_feat_ornament
D:6:      layout_basic, mainiacjoe_overflow_concentric_impassable, serial_shops,
          nicolae_shop_waterfront
D:7:      layout_basic, old_standard_altar, minmay_temple_entry_glassed_door,
          enter_bailey_5
Temple:   nicolae_temple_ecumenical_triangle
Bailey:   bailey_axe_of_yendor_kennysheep, bailey

Skill      XL: |  1  2  3  4  5  6  7  8 |
---------------+-------------------------+-----
Fighting       | 2 3 4 |  4.8
Spellcasting   | 1 2 3 |  3.8
Shapeshifting  | 4 5 6 |  6.8
Unarmed Combat | 4 5 |  5.5
Evocations     | 2 3 |  3.5
Dodging        | |  2.0

Action                     |  1- 3 |  4- 6 |  7- 9 || total
---------------------------+-------+-------+-------++-------
  Melee: Unarmed           |    41 |    97 |   130 ||   268
         Tentacles         |    12 |    16 |    25 ||    53
         Constrict         |     6 |    23 |    15 ||    44
         Punch             |       |     4 |     8 ||    12
   Fire: Sling             |       |     2 |    50 ||    52
  Throw: Boomerang         |       |       |    21 ||    21
  Evoke: Wand              |       |     2 |       ||     2
    Use: Potion            |       |       |     1 ||     1
   Stab: Sleeping          |     7 |     3 |     2 ||    12
 Armour: Skin              |    15 |    43 |   111 ||   169
  Dodge: Dodged            |    19 |    60 |    75 ||   154

Table legend: (Time is in decaauts)
 A = Elapsed time spent in this place.
 B = Non-inter-level travel time spent in this place.
 C = Inter-level travel time spent in this place.
 D = Time resting spent in this place.
 E = Time spent auto-exploring this place.
 F = Levels seen in this place.
 G = Mean time per level.
                   A        B        C        D        E       F      G
               +--------+--------+--------+--------+--------+-----+--------+
         Total |   6449 |   6211 |    238 |   1002 |   4101 |   9 |  716.6 |
       Dungeon |   6148 |   5918 |    230 |    930 |   4101 |   7 |  878.3 |
        Temple |     18 |     10 |      8 |      0 |      0 |   1 |   18.0 |
        Bailey |    281 |    281 |      0 |     72 |      0 |   1 |  281.0 |
               +--------+--------+--------+--------+--------+-----+--------+

Top non-repeatable levels by time:
     D:4: 1286 daAuts
     D:6: 1273 daAuts
     D:5: 958 daAuts
     D:1: 898 daAuts
     D:3: 868 daAuts
     D:2: 665 daAuts
  Bailey: 281 daAuts
     D:7: 199 daAuts
  Temple: 18 daAuts
